 Dungeon Crawl Stone Soup version 0.24.0-123-gd5b16e6ec5 (webtiles) character file.

Game seed: 4586157108884555108, levelgen mode: deterministic

3686 Peloso the Carver (level 9, -3/78 HPs)
             Began as a Minotaur Fighter on Jan 17, 2020.
             Was a Priest of Okawaru.
             Slain by a killer bee (5 damage)
             ... on level 9 of the Dungeon.
             The game lasted 00:19:04 (7191 turns).

Peloso the Carver (Minotaur Fighter)                Turns: 7191, Time: 00:19:05

Health: -3/78      AC: 12    Str: 26    XL:     9   Next: 90%
Magic:  6/8        EV:  8    Int:  5    God:    Okawaru [***...]
Gold:   523        SH: 16    Dex: 12    Spells: 8/8 levels left

rFire    . . .     SeeInvis .   a - +1 long sword
rCold    . . .     Gourm    .   c - +1 shield
rNeg     . . .     Faith    .   s - +0 chain mail
rPois    .         Spirit   .   (helmet restricted)
rElec    .         Reflect  +   y - scarf {cloud immunity}
rCorr    .         Harm     .   (no gloves)
MR       +....                  (no boots)
Stlth    ..........             D - +3 amulet of reflection
HPRegen  0.23/turn              B - ring of protection from magic
MPRegen  0.11/turn              w - +4 ring of strength

@: lethally poisoned (-3 -> -8), about to teleport
A: retaliatory headbutt, horns 2, shaggy fur 1, MP-powered wands
a: Heroism, Renounce Religion


You were on level 9 of the Dungeon.
You worshipped Okawaru.
Okawaru was most pleased with you.
You were near starving.

You visited 2 branches of the dungeon, and saw 10 of its levels.
You also visited: Sewer.

You collected 523 gold pieces.

Inventory:

Hand Weapons
 a - a +1 long sword (weapon)
 b - a +0 dagger of flaming
Armour
 c - a +1 shield (worn)
 k - a +0 scale mail
 s - a +0 chain mail (worn)
 y - a scarf of cloud immunity (worn)
Jewellery
 d - an uncursed ring of fire
 m - an uncursed ring of poison resistance
 p - the ring "Licened" {*Contam +Blink +Fly rN+++ Dex+5 SInv Stlth-}
   (You took it off a goblin on level 3 of the Dungeon)

   [ring of see invisible]

   It affects your dexterity (+5).
   It renders you almost immune to negative energy.
   It lets you see invisible.
   It lets you fly.
   It lets you blink.
   It causes magical contamination when unequipped.
   It makes you less stealthy.
 t - an uncursed ring of resist corrosion
 v - an uncursed ring of see invisible {unknown}
 w - a +4 ring of strength (right hand)
 B - a ring of protection from magic (left hand)
 D - a +3 amulet of reflection (around neck)
 F - an uncursed amulet of harm
 J - an uncursed ring of magical power {unknown}
Wands
 l - a wand of acid (8)
 z - a wand of flame (6)
 G - a wand of random effects (40)
 I - a wand of paralysis (4)
Scrolls
 e - 6 scrolls of enchant armour
 h - 2 scrolls of identify
 n - 3 scrolls of teleportation
 o - 2 scrolls of enchant weapon
 q - 2 scrolls of fog
 r - a scroll of amnesia
 u - a scroll of remove curse
 E - 2 scrolls of magic mapping
Potions
 g - 2 potions of heal wounds
 i - a potion of curing
 j - 2 potions of brilliance
 x - a potion of berserk rage {unknown}
 A - 2 potions of haste {unknown}
 C - a potion of mutation
 H - a potion of flight
 K - a potion of might
 L - a potion of degeneration {unknown}
 M - a potion of invisibility {unknown}
Miscellaneous
 N - a lightning rod (4/4)
Comestibles
 f - 18 rations


   Skills:
 + Level 6.6 Fighting
 + Level 10.8 Long Blades
 + Level 8.2 Armour
 + Level 2.7 Dodging
 + Level 0.4 Stealth
 + Level 9.5 Shields


You had 8 spell levels left.
You didn't know any spells.
Your spell library was empty.

Dungeon Overview and Level Annotations

Branches:
Dungeon (9/15)             Temple (1/1) D:5           Sewer (visited)
   Lair: D:8-11         Orc: D:9-12

Altars:
Ashenzari
Cheibriados
Dithmenos
Elyvilon
Fedhas
Gozag
Hepliaklqana
Kikubaaqudgha
Makhleb
Okawaru
Qazlal
Ru
Sif Muna
Trog
Vehumet
Wu Jian
Xom
Yredelemnul
Zin
The Shining One

Shops:
D:4 :

Annotations:
D:7 3 runed translucent doors, Saltbearer's ghost, novice OgMo; SeriousMike's ghost, novice TrTm


Innate Abilities, Weirdness & Mutations

You reflexively headbutt those who attack you in melee.
You have a pair of horns on your head.
You are covered in fur. (AC +1)
You expend magic power (3 MP) to strengthen your wands.


Message History

The queen bee calls on the killer bee to defend it!
The killer bee goes berserk!
You block the killer bee's attack.
A killer bee comes into view. x2
You slash the queen bee!
The queen bee is lightly wounded.
The killer bee barely misses you. You furiously retaliate!
You headbutt the killer bee!
A killer bee comes into view.
You block the killer bee's attack. The queen bee barely misses you.
You riposte.
You are near starving!
You hit the queen bee but do no damage.
The queen bee is lightly wounded.
You hit the queen bee but do no damage. Your headbutt misses the queen bee.
The queen bee is lightly wounded.
You block the killer bee's attack. The killer bee stings you!
* * * LOW HITPOINT WARNING * * *
You are lethally poisoned!
The killer bee poisons you! The killer bee stings you.
You die...

## ### #.. #)#
#.# #.# #.#
##########.#
#...†...##.#####
#.#####.....†y@#
# #.# #..#####y#
# #.# #### #y# #
#)#


yy# # #.# yy# # #.# .yy# # #.# ...# # #.# ..%.# # #.# You could see a queen bee
and 8 killer bees.

Vanquished Creatures
  A troll (D:8)
  A spriggan (D:7)
  2 black bears (D:6)
  Purgy (Sewer)
  A phantom (D:8)
  2 sky beasts
  6 ogres
  2 centaurs
  2 bullfrogs (D:6)
  A wyvern zombie (D:8)
  4 scorpions
  11 killer bees (D:9)
  3 howler monkeys
  2 crimson imps
  A centaur zombie (D:6)
  A bullfrog zombie (D:7)
  6 hounds
  An orc priest (D:5)
  A jelly (D:6)
  2 centaur skeletons
  An iguana (D:6)
  5 orc wizards
  A bullfrog skeleton (D:4)
  7 worker ants
  A hound zombie (D:3)
  A hound skeleton (D:6)
  A howler monkey skeleton (D:8)
  A gnoll (D:1)
  9 adders
  3 river rats (D:4)
  2 shadow imps
  An adder zombie (D:7)
  An adder skeleton (D:6)
  7 worms
  2 dart slugs
  9 leopard geckos
  16 orcs
  3 ball pythons
  11 bats
  4 giant cockroaches
  9 goblins
  4 hobgoblins
  15 jackals
  8 kobolds
  4 quokkas
  A frilled lizard (D:1)
  2 jackal skeletons
  2 leopard gecko skeletons
  2 quokka skeletons (D:4)
  7 rats
191 creatures vanquished.

Vanquished Creatures (others)
  2 withered plants (D:7)
2 creatures vanquished.

Grand Total: 193 creatures vanquished

Notes
Turn   | Place    | Note
-------+----------+-------------------------------------------
     0 | D:1      | Peloso the Minotaur Fighter began the quest for the Orb.
     0 | D:1      | Reached XP level 1. HP: 19/19 MP: 0/0
   125 | D:1      | Reached XP level 2. HP: 27/27 MP: 1/1
   243 | D:1      | Reached XP level 3. HP: 13/33 MP: 2/2
   606 | D:2      | Reached skill level 3 in Long Blades
   679 | D:2      | Reached XP level 4. HP: 40/41 MP: 3/3
   836 | D:2      | Found a faded altar of an unknown god.
  1020 | D:2      | Reached XP level 5. HP: 44/47 MP: 4/4
  1124 | D:2      | Gained mutation: You are covered in fur. (AC +1) [potion of
                  | mutation]
  1124 | D:2      | Gained mutation: You expend magic power (3 MP) to
                  | strengthen your wands. [potion of mutation]
  1433 | D:3      | Reached skill level 1 in Dodging
  1497 | D:3      | Reached skill level 4 in Long Blades
  1497 | D:3      | Reached skill level 5 in Shields
  1651 | D:3      | Identified the ring "Licened" {*Contam +Blink +Fly rN+++
                  | Dex+5 SInv Stlth-}
  1941 | D:3      | Reached XP level 6. HP: 54/55 MP: 5/5
  1995 | D:3      | Found a radiant altar of Vehumet.
  1995 | D:3      | Found a white marble altar of Elyvilon.
  1995 | D:3      | Found a glowing silver altar of Zin.
  2362 | D:4      | Reached skill level 5 in Fighting
  2362 | D:4      | Reached skill level 5 in Long Blades
  2362 | D:4      | Reached skill level 5 in Armour
  2437 | D:4      | Reached XP level 7. HP: 57/61 MP: 6/6
  2655 | D:4      | Found a glowing drain.
  2666 | Sewer    | Entered a sewer
  2712 | Sewer    | Noticed Purgy
  2722 | Sewer    | Killed Purgy
  2722 | Sewer    | Reached skill level 6 in Long Blades
  3067 | D:4      | Found Juqit's Book Boutique.
  3253 | D:4      | Found a hazy altar of Hepliaklqana.
  3619 | D:5      | Entered Level 5 of the Dungeon
  3619 | D:5      | Found a shattered altar of Ashenzari.
  3698 | D:5      | Reached skill level 7 in Long Blades
  3698 | D:5      | Reached XP level 8. HP: 60/69 MP: 7/7
  3744 | D:5      | Found an ornate altar of the Wu Jian Council.
  4066 | D:5      | Found a staircase to the Ecumenical Temple.
  4078 | Temple   | Entered the Ecumenical Temple
  4092 | Temple   | Became a worshipper of Warmaster Okawaru
  4847 | D:6      | Found a burning altar of Makhleb.
  4887 | D:6      | Found a glowing golden altar of the Shining One.
  4897 | D:6      | Found a basalt altar of Yredelemnul.
  4920 | D:6      | Reached skill level 8 in Long Blades
  5000 | D:6      | Reached * piety under Okawaru
  5013 | D:6      | Found a bloodstained altar of Trog.
  5201 | D:6      | Reached skill level 9 in Long Blades
  5201 | D:6      | Reached XP level 9. HP: 65/75 MP: 8/8
  5913 | D:7      | Found an opulent altar of Gozag.
  5988 | D:7      | Found a runed translucent gate.
  5988 | D:7      | Found a runed translucent gate.
  5988 | D:7      | Found a runed translucent gate.
  5989 | D:7      | Noticed SeriousMike's ghost (novice TrTm)
  5990 | D:7      | Noticed Saltbearer's ghost (novice OgMo)
  6404 | D:8      | Reached ** piety under Okawaru
  6424 | D:8      | Noticed a troll
  6435 | D:8      | Killed a troll
  6438 | D:8      | Reached skill level 10 in Long Blades
  7008 | D:9      | Found a shimmering altar of Xom.
  7176 | D:9      | Reached *** piety under Okawaru
  7184 | D:9      | Noticed a queen bee
  7191 | D:9      | HP: 2/78 [killer bee (8)]
  7191 | D:9      | Slain by a killer bee

Levels and vault maps discovered:
D:1:      minmay_arrival_open_corners, layout_basic
D:2:      layout_basic, chequers_ecumenical_altar_twisty
D:3:      minmay_octagon_keep, layout_loops_ring,
          gammafunk_temple_overflow_claw, first_ration, st_stairs_4
D:4:      layout_layer_cave, lemuel_crystal_altar, serial_shops, shop,
          portal_sewer_entry_e
D:5:      layout_layer_cave, ashenzari_altar_1, kennysheep_mini,
          minmay_temple_entry_proselytizer
D:6:      layout_basic, nicolae_overflow_hidden_temple, trog_ov_bears_minmay,
          basic_altar, tso_altar
D:7:      layout_basic, kennysheep_mini_moat, gammafunk_ghost_cemetery,
          the_bakery, roderic_roman_lattice
D:8:      layout_cave_pods, abandoned_shop
D:9:      layout_loops_ring, overflow_temple_1_default,
          makhleb_blood_cavern_becter, special_room [special_room_bee],
          billiards_dpeg
Temple:   chequers_temple_sunken

Skill      XL: |  1  2  3  4  5  6  7  8  9 |
---------------+----------------------------+-----
Shields        | 4 5 6 8 9 |  9.5
Fighting       | 4 5 6 |  6.6
Armour         | 4 5 6 7 8 |  8.2
Long Blades    | 3 4 5 7 9 10 | 10.8
Dodging        | 1 2 |  2.7
Stealth        | |  0.4

Action                   |  1- 3 |  4- 6 |  7- 9 || total
-------------------------+-------+-------+-------++-------
Melee: Long sword        |    71 |   152 |   351 ||   574
       Headbutt          |    15 |    23 |    74 ||   112
Invok: Heroism           |       |       |     2 ||     2
  Use: Potion            |     1 |     6 |       ||     7
       Scroll            |       |     6 |     5 ||    11
  Eat: Chunk             |       |     5 |     4 ||     9
       Ration            |       |       |     3 ||     3
Armor: Scale mail        |    43 |     2 |       ||    45
       Chain mail        |       |    79 |   139 ||   218
Dodge: Dodged            |    23 |    44 |    76 ||   143
Block: Shield            |    48 |    97 |   274 ||   419
       Reflection        |       |       |     3 ||     3
       Rpst.: Long sword |    10 |    10 |    24 ||    44
